 Dungeon Crawl Stone Soup version 0.18.1-8-gdd0e5ea (webtiles) character file.

6822 imganon the Cleaver (level 10, -7/70 HPs)
             Began as a Demonspawn Berserker on May 22, 2016.
             Was a High Priest of Trog.
             Killed from afar by an electric eel (8 damage)
             ... with a bolt of electricity
             ... on level 10 of the Dungeon.
             The game lasted 00:17:07 (9898 turns).

imganon the Cleaver (Demonspawn Berserker)          Turns: 9898, Time: 00:17:07

Health: -7/70      AC: 19    Str: 21    XL:     10   Next: 77%
Magic:  10/10      EV: 10    Int:  8    God:    Trog [*****.]
Gold:   489        SH:  0    Dex: 16    Spells: 0 memorised, 9 levels left

rFire  . . .     SeeInvis .     Z - +5 broad axe
rCold  . . .     Gourm    .     A - +0 plate armour
rNeg   . . .     Faith    +     (no shield)
rPois  +         Spirit   .     G - +0 helmet
rElec  .         Dismiss  .     r - +0 cloak
rCorr  .         Reflect  .     L - +1 pair of gloves {Dex+3}
SustAt .         Harm     .     V - +0 pair of boots
MR     .....                    w - amulet of faith
Stlth  ..........               U - ring of poison resistance
                                z - +5 ring of evasion

@: not resistant to hostile enchantments, extremely unstealthy
A: claws 1, molten scales 2, demonic guardian 1, nightstalker 1
a: Berserk, Trog's Hand, Brothers in Arms, Burn Spellbooks, Renounce Religion


You were on level 10 of the Dungeon.
You worshipped Trog.
Trog was extremely pleased with you.
You were not hungry.

You visited 1 branch of the dungeon, and saw 10 of its levels.
You also visited: Sewer.

You collected 600 gold pieces.
You spent 111 gold pieces at shops.

Inventory:

Hand Weapons
 Z - a +5 broad axe (weapon)
Armour
 r - a +0 cloak (worn)
 A - a +0 plate armour (worn)
 G - a +0 helmet (worn)
 L - a +1 pair of gloves of dexterity (worn)
 V - a +0 pair of boots (worn)
Jewellery
 w - an amulet of faith (around neck)
 y - an uncursed ring of sustain attributes
 z - a +5 ring of evasion (left hand)
 E - an uncursed amulet of the gourmand {unknown}
 U - a ring of poison resistance (right hand)
Wands
 b - a wand of flame (36/48)
 M - a wand of random effects (26/48)
 N - a wand of iceblast (9/15)
 Q - a wand of teleportation (4/9)
Scrolls
 a - a scroll of immolation {unknown}
 f - 9 scrolls of teleportation {unknown}
 g - 14 scrolls of identify {unknown}
 k - 5 scrolls of magic mapping {unknown}
 p - 6 scrolls of remove curse
 q - 3 scrolls of enchant weapon {unknown}
 s - 3 scrolls of blinking {unknown}
 t - 4 scrolls of enchant armour {unknown}
 F - 2 scrolls of recharging {unknown}
 H - 4 scrolls of fog {unknown}
 K - a scroll of fear {unknown}
 R - 2 scrolls of vulnerability {unknown}
Potions
 e - 4 potions of lignification
 h - 2 potions of agility {unknown}
 i - 3 potions of ambrosia
 j - 3 potions of brilliance {unknown}
 m - a potion of curing
 n - 3 potions of haste {unknown}
 u - 2 potions of flight {unknown}
 v - 2 potions of magic {unknown}
 x - a potion of invisibility
 B - a potion of resistance
 D - 3 potions of heal wounds {unknown}
 I - 2 potions of beneficial mutation {unknown}
 J - 4 potions of might {unknown}
 O - 3 potions of degeneration {unknown}
 P - a potion of mutation {unknown}
 T - 2 potions of cancellation {unknown}
Books
 S - a book of Unlife

   Spells                             Type                      Level
   a - Recall                         Summoning/Translocation      3
   b - Animate Dead                   Necromancy                   4
   c - Control Undead                 Necromancy                   4
   d - Cigotuvi's Embrace             Necromancy                   5
   e - Death Channel                  Necromancy                   6
   f - Simulacrum                     Ice/Necromancy               6
   Trog disapproves of the use of such an item.
 X - a Necronomicon

   Spells                             Type                      Level
   a - Haunt                          Necromancy/Summoning         7
   b - Borgnjor's Revivification      Necromancy                   8
   c - Death's Door                   Charms/Necromancy            8
   d - Necromutation                  Transmutation/Necromancy     8
   Trog disapproves of the use of such an item.
Comestibles
 c - 6 bread rations
 d - 11 fruits
 l - 3 meat rations
 o - 6 beef jerkies
 W - 8 slices of pizza
 Y - a chunk of flesh


   Skills:
 - Level 3.0 Fighting
 + Level 14.6 Axes
 - Level 1.7 Armour
 - Level 1.7 Dodging


You had 9 spell levels left.
You didn't know any spells.

Dungeon Overview and Level Annotations

Branches:
Dungeon (10/15)            Temple (0/1) D:7
   Lair: D:8-11         Orc: D:9-12

Altars:
Dithmenos
Elyvilon
Fedhas
Makhleb
Nemelex Xobeh
Okawaru
Pakellas
Qazlal
Xom
Yredelemnul
The Shining One

Shops:
D:4 *   D:5 [[=   D:7 :   D:8 *


Innate Abilities, Weirdness & Mutations

You have sharp fingernails.
You are mostly covered in molten scales (AC +3, EV -1).
A weak demonic guardian rushes to your aid.
You are slightly more attuned to the shadows.


Message History

* * * LOW HITPOINT WARNING * * *
The electric eel shoots out a bolt of lightning at you!
The bolt of electricity hits you!
* * * LOW HITPOINT WARNING * * *
The electric eel shoots out a bolt of lightning at you!
The bolt of electricity hits the electric eel.
The electric eel completely resists.
The bolt of electricity misses you.
The electric eel shoots out a bolt of lightning at you!
The bolt of electricity hits you!
* * * LOW HITPOINT WARNING * * *
The electric eel shoots out a bolt of lightning at you!
The bolt of electricity hits the electric eel.
The electric eel completely resists.
The bolt of electricity hits you!
* * * LOW HITPOINT WARNING * * *
The electric eel shoots out a bolt of lightning at you!
The bolt of electricity hits you!
* * * LOW HITPOINT WARNING * * *
The electric eel shoots out a bolt of lightning at you!
The bolt of electricity hits you!
You die...

. # ≈≈≈≈≈ ≈≈ #
♣≈≈≈≈≈≈≈ ##
♣P≈≈≈≈≈≈ ♣♣###.
♣≈P♣;≈≈≈ ♣...#.
♣≈P≈≈≈≈ ≈♣P♣##...
♣≈;;♣≈≈ ♣≈≈≈....#
#♣@≈♣P≈≈ ≈P≈≈##.##
#≈P≈≈5PPP ♣≈....#
#.≈♣≈≈≈≈≈P≈♣≈###.#
#.≈PP≈≈≈≈≈♣≈≈....##
#.#≈♣♣≈≈≈♣♣.###...#
#.### ♣♣≈♣.## #...#
#.# ♣≈≈...# ##...
#.#####.....# ##..
#...........# ####.


You could see 3 electric eels and a friendly quasit.

Vanquished Creatures
  Maud (D:10)
  Pikel (D:8)
  The ghost of ThereIsNoGod the Covert, a novice OpAs (D:6)
  Joseph (D:10)
  Eustachio (D:4)
  A human (D:9)
  Duvessa (D:5)
  A black bear (D:10)
  An ice beast (D:6)
  4 sky beasts
  2 orc warriors
  3 necrophages
  A phantom (D:6)
  2 centaurs
  An eye of draining (D:10)
  2 ogres
  A giant frog (Sewer)
  Dowan (D:5)
  3 scorpions
  4 howler monkeys
  15 wights
  4 crimson imps
  2 centaur zombies
  A giant frog zombie (D:5)
  Crazy Yiuf (D:2)
  2 jellies
  3 orc priests
  3 hounds
  6 orc wizards
  2 centaur skeletons
  2 giant frog skeletons
  Terence (D:3)
  6 worker ants
  4 sheep (D:9)
  2 hound skeletons
  A worker ant zombie (D:8)
  A howler monkey skeleton (D:5)
  7 river rats (Sewer)
  15 adders
  2 shadow imps
  4 oozes
  An adder skeleton (D:4)
  6 worms
  4 dart slugs
  6 giant geckos
  20 orcs
  14 ball pythons
  12 bats
  7 giant cockroaches
  4 goblins (D:1)
  7 hobgoblins
  12 jackals
  5 kobolds
  2 quokkas
  5 giant newts
  2 goblin skeletons (D:4)
  2 goblin zombies (D:4)
  2 hobgoblin zombies (D:4)
  2 kobold skeletons (D:4)
  A kobold zombie (D:4)
  29 rats
260 creatures vanquished.

Vanquished Creatures (collateral kills)
  An ogre (D:9)
  2 giant frogs
  2 howler monkeys (D:9)
  An orc priest (D:9)
  An orc wizard (D:9)
  An ooze (Sewer)
  A ball python (Sewer)
  A giant newt (Sewer)
10 creatures vanquished.

Vanquished Creatures (others)
  A howler monkey (D:4)
  An iguana (D:4)
  A worker ant (D:4)
  A worm (D:4)
4 creatures vanquished.

Grand Total: 274 creatures vanquished

Notes
Turn   | Place    | Note
--------------------------------------------------------------
     0 | D:1      | imganon the Demonspawn Berserker began the quest for the Orb.
     0 | D:1      | Reached XP level 1. HP: 18/18 MP: 1/1
    72 | D:1      | Reached skill level 3 in Axes
    85 | D:1      | Gained mutation: A weak demonic guardian rushes to your aid. [demonic ancestry]
    85 | D:1      | Reached XP level 2. HP: 11/24 MP: 2/2
   548 | D:1      | Reached ** piety under Trog
   835 | D:1      | Reached XP level 3. HP: 23/29 MP: 3/3
   927 | D:2      | Reached skill level 4 in Axes
  1118 | D:2      | Noticed Crazy Yiuf
  1129 | D:2      | Killed Crazy Yiuf
  1129 | D:2      | Reached XP level 4. HP: 3/35 MP: 4/4
  1131 | D:2      | HP: 2/52 [poisoned by Crazy Yiuf]
  2080 | D:2      | Reached skill level 5 in Axes
  2692 | D:2      | Reached XP level 5. HP: 35/41 MP: 5/5
  2769 | D:3      | Reached *** piety under Trog
  2863 | D:3      | Found a basalt altar of Yredelemnul.
  3190 | D:3      | Noticed Terence
  3210 | D:3      | Killed Terence
  3539 | D:4      | Found a glowing golden altar of the Shining One.
  3555 | D:4      | Reached skill level 6 in Axes
  3592 | D:4      | Found a white marble altar of Elyvilon.
  3654 | D:4      | Noticed Eustachio
  3696 | D:4      | Killed Eustachio
  3696 | D:4      | Gained mutation: You are partially covered in molten scales (AC +1). [demonic ancestry]
  3696 | D:4      | Reached XP level 6. HP: 23/47 MP: 6/6
  3840 | D:4      | Found Nigrol's Assorted Antiques.
  3846 | D:4      | Bought a scroll labeled GEDOH AJOSOASCH for 26 gold pieces
  3921 | D:4      | Found a shimmering altar of Xom.
  4107 | D:4      | Found a glowing drain.
  4116 | D:4      | Reached skill level 7 in Axes
  4125 | Sewer    | Entered a sewer
  4165 | Sewer    | Reached **** piety under Trog
  4448 | Sewer    | Gained mutation: You have sharp fingernails. [demonic ancestry]
  4448 | Sewer    | Reached XP level 7. HP: 45/52 MP: 7/7
  4635 | Sewer    | Reached ***** piety under Trog
  4910 | D:5      | Entered Level 5 of the Dungeon
  4947 | D:5      | Reached skill level 8 in Axes
  4952 | D:5      | Found Taco's Antique Armour Boutique.
  4955 | D:5      | Bought a pair of glowing gloves for 85 gold pieces
  5040 | D:5      | Found Honut's Antique Armour Shoppe.
  5212 | D:5      | Noticed Duvessa
  5212 | D:5      | Noticed Dowan
  5222 | D:5      | Killed Duvessa
  5225 | D:5      | Killed Dowan
  5652 | D:5      | Reached skill level 9 in Axes
  5652 | D:5      | Gained mutation: You are mostly covered in molten scales (AC +3, EV -1). [demonic ancestry]
  5652 | D:5      | Reached XP level 8. HP: 42/58 MP: 8/8
  5706 | D:5      | Found a blossoming altar of Fedhas.
  6063 | D:5      | Found Foalebio's Jewellery Emporium.
  6130 | D:6      | Found a stormy altar of Qazlal.
  6145 | D:6      | Reached skill level 10 in Axes
  6331 | D:6      | Found a shadowy altar of Dithmenos.
  6332 | D:6      | Found a sparkling altar of Nemelex Xobeh.
  6372 | D:6      | Found an oddly glowing altar of Pakellas.
  6754 | D:6      | Reached skill level 11 in Axes
  6914 | D:6      | Found a burning altar of Makhleb.
  6915 | D:6      | Noticed ThereIsNoGod's ghost (novice OpAs)
  6920 | D:6      | Reached XP level 9. HP: 63/63 MP: 9/9
  6935 | D:6      | Killed ThereIsNoGod's ghost
  7112 | D:7      | Found Kaphidin's Book Boutique.
  7363 | D:7      | Received a gift from Trog
  7519 | D:7      | Reached skill level 12 in Axes
  7786 | D:7      | Found a staircase to the Ecumenical Temple.
  7983 | D:8      | Found Ataumot's Assorted Antiques.
  8330 | D:8      | Found an iron altar of Okawaru.
  8558 | D:8      | Noticed Pikel
  8566 | D:8      | Killed Pikel
  8566 | D:8      | Reached skill level 13 in Axes
  8566 | D:8      | Gained mutation: You are slightly more attuned to the shadows. [demonic ancestry]
  8566 | D:8      | Reached XP level 10. HP: 70/70 MP: 10/10
  9588 | D:10     | Entered Level 10 of the Dungeon
  9685 | D:10     | Noticed Maud
  9707 | D:10     | Killed Maud
  9707 | D:10     | Reached skill level 14 in Axes
  9772 | D:10     | Noticed Joseph
  9793 | D:10     | Killed Joseph
  9898 | D:10     | HP: 1/70 [electric eel/bolt of electricity (6)]
  9898 | D:10     | Killed from afar by an electric eel

Skill      XL: |  1  2  3  4  5  6  7  8  9 10 |
---------------+-------------------------------+-----
Axes           | 3 4 5 6 7 9 11 13 14 | 14.6
Fighting       | |  3.0
Armour         | |  1.7
Dodging        | |  1.7

Action                   |  1- 3 |  4- 6 |  7- 9 | 10-12 || total
-------------------------+-------+-------+-------+-------++-------
Melee: Hand axe          |   103 |   239 |       |       ||   342
       War axe           |       |   167 |   535 |   135 ||   837
       Broad axe         |       |       |       |    14 ||    14
Invok: Berserk           |     1 |     1 |     6 |     2 ||    10
  Use: Scroll            |     1 |       |       |     1 ||     2
       Potion            |       |     2 |       |       ||     2
 Stab: Sleeping          |       |     3 |       |       ||     3
       Distracted        |       |     1 |     3 |     2 ||     6
  Eat: Chunk             |     1 |    13 |    13 |     8 ||    35
       Fruit             |       |       |     2 |       ||     2
       Bread ration      |       |       |     1 |       ||     1
Armor: Animal skin       |    21 |    14 |       |       ||    35
       Ring mail         |       |    54 |       |       ||    54
       Plate armour      |       |   120 |   331 |    90 ||   541
Dodge: Dodged            |    72 |   264 |   282 |    77 ||   695
